 Dungeon Crawl Stone Soup version 0.28.0-43-g3370ac3207 (webtiles) character file.

Game seed: 12750350440799792889

312 CryoSword the Digger (level 6, -5/37 HPs)
             Began as a Gargoyle Earth Elementalist on Mar 22, 2022.
             Slain by an iguana (6 damage)
             ... on level 4 of the Dungeon.
             The game lasted 00:07:01 (4294 turns).

CryoSword the Digger (Gargoyle Earth Elementalist)  Turns: 4294, Time: 00:07:01

Health: -5/37      AC:  7    Str: 12    XL:     6   Next: 42%
Magic:  10/10      EV: 11    Int: 17    God:
Gold:   172        SH:  0    Dex: 10    Spells: 5/11 levels left

rFire   . . .      SeeInvis .   p - +0 mace
rCold   . . .      Faith    .   (no shield)
rNeg    + . .      Spirit   .   b - +0 robe
rPois   ∞          Reflect  .   i - +0 helmet
rElec   +          Harm     .   (no cloak)
rCorr   .          Rampage  .   (no gloves)
Will    .....                   (no boots)
Stlth   ++........              (no amulet)
HPRegen 0.12/turn               (no ring)
MPRegen 0.12/turn               (no ring)

@: no status effects
A: sickness immunity, AC +4, negative energy resistance 1, electricity
resistance, torment resistance 1, petrification resistance
a: no special abilities


You were on level 4 of the Dungeon.
You visited 1 branch of the dungeon, and saw 4 of its levels.

You collected 172 gold pieces.

Inventory:

Hand Weapons
 p - a +0 mace (weapon)
   (You found it on level 3 of the Dungeon)
Missiles
 c - 3 stones
 j - 2 throwing nets
 q - 6 poisoned darts
Armour
 b - a +0 robe (worn)
 i - a +0 helmet (worn)
   (You took it off Robin on level 3 of the Dungeon)
Wands
 n - a wand of flame (7) (quivered)
   (You took it off Robin on level 3 of the Dungeon)
Scrolls
 a - a scroll of vulnerability {unknown}
 e - 4 scrolls of teleportation {unknown}
 f - a scroll of enchant weapon {unknown}
 g - a scroll of enchant armour {unknown}
 h - 3 scrolls of identify {unknown}
 l - a scroll of holy word {unknown}
Potions
 d - 2 potions of degeneration {unknown}
 k - a potion of heal wounds {unknown}
 m - 2 potions of curing {unknown}
 o - a potion of haste {unknown}


   Skills:
 + Level 3.1 Fighting
 - Level 1.5 Dodging
 - Level 2.1 Stealth
 - Level 3.0 Spellcasting
 * Level 3.2 Conjurations
 - Level 1.5 Transmutations
 + Level 5.2 Earth Magic


You had 5 spell levels left.
You knew the following spells:

 Your Spells              Type           Power      Damage    Failure   Level
a - Sandblast             Erth           40%        2d10      1%          1
b - Passwall              Tmut/Erth      10%        N/A       7%          2
c - Stone Arrow           Conj/Erth      34%        3d9       9%          3

Your spell library contained the following spells:

 Spells                   Type           Power      Damage    Failure   Level
 Petrify                  Tmut/Erth      13%        N/A       41%         4


Dungeon Overview and Level Annotations

Branches:
Dungeon (4/15)
 Temple: D:4-7

Altars:
Makhleb
Qazlal

Shops:
D:2 :


Innate Abilities, Weirdness & Mutations

You are immune to sickness and miasma.
Your stone body is resilient. (AC +4)
You are immune to poison.
You resist negative energy. (rN+)
You are resistant to electric shocks. (rElec)
You are resistant to unholy torment.
You are immune to petrification.


Message History

Pain shoots through your body!
There is an open door here.
You close the door.
Grinder breaks down the door.
Grinder gestures at you.
You barely resist. Grinder gestures at you.
You suddenly lose the ability to move!
Grinder grins, showing sharp teeth.
Grinder blinks!
Grinder gestures at you. You resist with significant effort.
You can move again.
There is an open door here.
Unknown command.
Unknown command.
Unknown command.
Grinder says, "There's only one good use for a tongue: cutting it out."
The spell is quite dangerous to miscast (14% risk of failure)!
Continue anyway?
Okay, then.
The spell is quite dangerous to miscast (14% risk of failure)!
Continue anyway?
Aim: Grinder (64% to hit)
The stone arrow hits Grinder!
Grinder gestures at you. You resist with significant effort.
The spell is quite dangerous to miscast (14% risk of failure)!
Continue anyway?
Aim: Grinder (moderately wounded, 64% to hit)
The stone arrow hits Grinder!
Grinder blinks!
You don't have enough magic to cast this spell.
Aim: Grinder (severely wounded, 64% to hit)
The puff of flame hits Grinder.
Grinder blinks!
The spell is quite dangerous to miscast (14% risk of failure)!
Continue anyway?
Aim: Grinder (almost dead, 64% to hit)
The stone arrow misses Grinder.
Grinder gestures at you. Pain shoots through your body!
Hit: p) +0 mace
Okay, then.
That's the wrong kind of item! (Use * to select it.)
You don't have any such object.
You don't have any such object.
You don't have any such object.
Okay, then.
Unknown command.
Unknown command.
Unknown command.
Aim: Grinder (almost dead, 64% to hit)
The puff of flame misses Grinder.
Aim: Grinder (almost dead, 64% to hit)
The puff of flame hits Grinder.
Grinder gestures at you. You resist with significant effort.
Aim: Grinder (almost dead, 64% to hit)
The puff of flame hits Grinder!
You kill Grinder!
Training target 3.0 for Spellcasting reached!
Your Fighting skill increases to level 3!
Your Spellcasting skill increases to level 3!
Your Conjurations skill gained 2 levels and is now at level 3!
Your Earth Magic skill increases to level 5!
You have reached level 6!
Found a stone staircase leading down.
An endoplasm is nearby!
An endoplasm is nearby!
An endoplasm is nearby!
The endoplasm quivers.
You hit the endoplasm. The endoplasm freezes you.
You are frozen.
You sock the endoplasm!
You kill the endoplasm!
No target in view!
No target in view!
There is a broken door here.
There is an open door here.
You see here a +0 dagger.
Key pressed, stopping explore.
A bat comes into view.
A bat is nearby!
A bat is nearby!
The helpless bat fails to defend itself.
You hit the bat.
You kill the bat!
No target in view!
No target in view!
Found a burning altar of Makhleb.
Could not explore, unopened door.
No target in view!
You open the door.
There is an open door here.
Could not explore, unopened door.
Could not explore, unopened door.
You open the door.
There is an open door here.
Could not explore, unopened door.
You open the door.
There is an open door here.
There is an open door here.
Found a ring mail.
Found a stormy altar of Qazlal.
Done exploring.
Done exploring.
Done exploring.
There is an open door here.
There is an open door, spattered with blood here.
There is a stone staircase leading down here.
You climb downwards.
Found 6 poisoned darts and a ring mail.
Found a stone staircase leading up.
There is a stone staircase leading up here.
A ball python is nearby!
A ball python is nearby!
The helpless ball python fails to defend itself.
You sock the ball python!
You kill the ball python!
No target in view!
No target in view!
There is a stone staircase leading up here.
There is a stone staircase leading up here.
q - 6 poisoned darts A giant cockroach comes into view.
A giant cockroach is nearby!
A giant cockroach is nearby!
The giant cockroach bites you but does no damage.
The giant cockroach misses you.
You hit the giant cockroach.
You kill the giant cockroach!
No target in view!
An orc comes into view. It is wielding a +0 hand axe.
The orc shouts!
An orc priest comes into view. It is wielding a +0 short sword.
There are monsters nearby!
There are monsters nearby! 2 orcs come into view.
The orc priest shouts!
The orc shouts!
The orc shouts!
The orc priest calls down the wrath of Beogh upon you.
Beogh smites you!
An iguana comes into view.
The orc priest mumbles some strange prayers to Beogh against you.
Beogh smites you!
* * * LOW HITPOINT WARNING * * *
The iguana hisses angrily.
You closely miss the iguana. The orc barely misses you. The iguana bites you!
* * * LOW HITPOINT WARNING * * *
The orc priest begins to cast a cantrip, but forgets the words!
The orc barely misses you.
You hit the iguana but do no damage. The iguana barely misses you.
The orc hits you but does no damage. The iguana bites you.
You die...

# #.#.#...####.#
.#.#.#.#.........
.........#...##.#
#.........##.###+##
#.###...#...##......#
#......<....##......#.
#######.#<#.##........
...........#.........
..#...@l[.........##
.8...8...####......##
...#.....oooo........
#.###.##.####......##
.. #.. #.# #........
...8 #.. #......##
..#. ##..........#
.### #...o..#.###
#......#.#


You could see an iguana and 2 orcs.

Vanquished Creatures
  Grinder (D:3)
  Robin (D:3)
  3 adders (D:3)
  3 worms
  A dart slug (D:1)
  An orc (D:3)
  6 ball pythons
  4 endoplasms
  5 giant cockroaches
  16 goblins
  5 hobgoblins
  5 jackals
  7 kobolds
  A quokka (D:2)
  4 bats
  A frilled lizard (D:1)
  6 rats
70 creatures vanquished.

Notes
Turn   | Place    | Note
-------+----------+-------------------------------------------
     0 | D:1      | CryoSword the Gargoyle Earth Elementalist began the quest
                  | for the Orb.
     0 | D:1      | Reached XP level 1. HP: 10/10 MP: 3/3
   148 | D:1      | Reached skill level 1 in Transmutations
   150 | D:1      | Reached XP level 2. HP: 16/16 MP: 1/5
   153 | D:1      | Learned a level 2 spell: Passwall
   206 | D:1      | Reached skill level 1 in Fighting
   321 | D:1      | Reached skill level 4 in Earth Magic
   482 | D:1      | Found a faded altar of an unknown god.
   616 | D:1      | Reached XP level 3. HP: 19/20 MP: 4/6
  1240 | D:2      | Found Ehamow's Book Shoppe.
  1250 | D:2      | Learned a level 3 spell: Stone Arrow
  1428 | D:2      | Identified the +2 leather armour of Stained Tender Moments
                  | {*Slow rF+ Dex+3}
  1968 | D:3      | Reached XP level 4. HP: 26/26 MP: 5/7
  2144 | D:3      | Noticed Grinder
  2227 | D:3      | Noticed Robin
  2717 | D:3      | HP: 1/26 [Robin/puff of flame (6)]
  2718 | D:3      | Killed Robin
  2719 | D:3      | Reached skill level 1 in Conjurations
  3664 | D:3      | Reached XP level 5. HP: 22/31 MP: 6/8
  3809 | D:3      | Paralysed by Grinder for 4 turns
  3839 | D:3      | Killed Grinder
  3840 | D:3      | Reached skill level 5 in Earth Magic
  3840 | D:3      | Reached XP level 6. HP: 34/37 MP: 0/10
  4115 | D:3      | Found a burning altar of Makhleb.
  4234 | D:3      | Found a stormy altar of Qazlal.
  4292 | D:4      | HP: 1/37 [iguana (11)]
  4294 | D:4      | Slain by an iguana

Illustrated notes

Levels and vault maps discovered:
D:1:      beargit_arrival_diablo_church, layout_loops_ring,
          hellmonk_ecumenical_altar_crossroads
D:2:      layout_loops_ring, serial_shops, nicolae_shop_statue_plus,
          uniq_crazy_yiuf_cottage
D:3:      layout_loops_corners, lemuel_coloured_pillars_altar,
          nicolae_qazlal_eye_of_the_storm, uniq_robin, uniq_grinder
D:4:      layout_basic, trog_butcher_becter, serial_shops,
          nicolae_shop_hallway_plus, chequers_decorated_corner,
          minmay_misc_feat_four_crosses, kennysheep_nub, nrook_campfire

Skill      XL: |  1  2  3  4  5 |
---------------+----------------+-----
Transmutations | 1 |  1.5
Fighting       | 1 2 3 |  3.1
Earth Magic    | 4 5 |  5.2
Conjurations   | 1 3 |  3.2
Spellcasting   | 3 |  3.0
Dodging        | |  1.5
Stealth        | |  2.1

Action                   |  1- 3 |  4- 6 || total
-------------------------+-------+-------++-------
Melee: Dagger            |     1 |       ||     1
       Trident           |       |    88 ||    88
       Mace              |       |    17 ||    17
 Cast: Sandblast         |    53 |    10 ||    63
       Stone Arrow       |       |     3 ||     3
Evoke: Wand              |       |     4 ||     4
 Stab: Sleeping          |       |     4 ||     4
Armor: Robe              |     2 |    44 ||    46
Dodge: Dodged            |     5 |    71 ||    76
